 Dungeon Crawl Stone Soup version 0.30.2 (webtiles) character file.

Game seed: 17950877925137729799

437 bob3 the Trooper (level 6, -2/56 HPs)
             Began as a Draconian Berserker on Mar 6, 2024.
             Was a Priest of Trog.
             Slain by a bullfrog (7 damage)
             ... on level 3 of the Dungeon.
             The game lasted 00:05:14 (2360 turns).

bob3 the Trooper (Draconian Berserker)              Turns: 2360, Time: 00:05:14

Health: -2/56      AC:  6    Str: 19    XL:     6   Next: 69%
Magic:  6/6        EV: 13    Int:  8    God:    Trog [***...]
Gold:   158        SH:  0    Dex: 12    Spells: 5/5 levels left

rFire   . .          .
                       - Unarmed
rCold   . . .        (no shield)
rNeg    . . .        (body armour unavailable)
rPois   .            (helmet restricted)
rElec   .            (no cloak)
rCorr   .            (no gloves)
SInv    .            (no boots)
Will    .....        (no amulet)
Stlth   +            (no ring)
HPRegen 0.29/turn    (no ring)
MPRegen 0.10/turn

%: no passive effects
@: no status effects
A: AC +6, unfitting armour, cold-blooded
a: Renounce Religion, Berserk, Trog's Hand


You were on level 3 of the Dungeon.
You worshipped Trog.
Trog was most pleased with you.
You visited 1 branch of the dungeon, and saw 3 of its levels.

You collected 158 gold pieces.

Inventory:

Scrolls
 a - a scroll of immolation {unknown}
 c - 5 scrolls of identify {unknown}
 d - a scroll of teleportation {unknown}
 h - 2 scrolls of fog {unknown}
 i - a scroll of enchant weapon {unknown}
 k - a scroll of vulnerability {unknown}
 l - a scroll of acquirement {unknown}
Potions
 b - 2 potions of might {unknown}
 e - a potion of invisibility {unknown}
 f - a potion of attraction {unknown}
 g - 2 potions of heal wounds {unknown}
 j - a potion of curing {unknown}
 m - a potion of lignification {unknown}
 n - a potion of flight {unknown}


   Skills:
 + Level 5.5 Fighting
 + Level 4.5 Dodging
 + Level 5.0 Unarmed Combat


You had 5 spell levels left.
You didn't know any spells.
Your spell library was empty.

Dungeon Overview and Level Annotations

Branches:
Dungeon (3/15)

Altars:
Gozag


Innate Abilities, Weirdness & Mutations

Your plain brown scales are hard. (AC +6)
You cannot fit into any form of body armour.
You are cold-blooded and may be slowed by cold attacks.


Message History

The goblin barely misses you.
You hit the bullfrog but do no damage.
Your tail-slap misses the bullfrog.
The bullfrog is moderately wounded.
The ball python bites you but does no damage.
The ball python constricts you. The bullfrog hits you.
The goblin hits you with a +0 club.
The ball python bites you but does no damage.
The ball python constricts you.
The ball python's grasp on you weakens, but your attempt to escape fails.
The bullfrog hits you.
* * * LOW HITPOINT WARNING * * *
The bullfrog barely misses you.
The ball python bites you but does no damage.
The ball python constricts you. The goblin barely misses you.
You escape the ball python's grasp.
The goblin hits you but does no damage.
The goblin no longer looks unusually strong.
The bullfrog hits you but does no damage.
The goblin barely misses you. The bullfrog attacks as you move away!
The bullfrog hits you.
* * * LOW HITPOINT WARNING * * *
The goblin attacks as you move away! The goblin barely misses you.
The bullfrog barely misses you.
The bullfrog hits you but does no damage.
The bullfrog attacks as you move away! The bullfrog misses you.
The goblin no longer looks unusually strong.
The bullfrog closely misses you. The bullfrog misses you.
The bullfrog misses you. The bullfrog attacks as you move away!
The bullfrog closely misses you.
Things that are here:
a +0 club; a goblin corpse The bullfrog attacks as you move away!
The bullfrog barely misses you.
The bullfrog releases a deep croak.
The bullfrog completely misses you. The bullfrog hits you.
* * * LOW HITPOINT WARNING * * *
The bullfrog hits you but does no damage.
The bullfrog hits you but does no damage.
The bullfrog hits you!
You die...

####### ......#
#####.# ...##.#
##.##.# ......#
##.##############
#.............)####
######.#######.@F.#
#.# #####S# #.#
##gg.).# ####รท###
#..#####
#......###.##
#.##..###..# #
##.?# #..# #...#
#..# #.#.#.###.)#


You could see a bullfrog and a ball python.

Vanquished Creatures
  Grinder (D:3)
  An ogre (D:3)
  An orc priest (D:3)
  Robin (D:3)
  5 adders
  A worm (D:3)
  2 dart slugs
  4 orcs (D:3)
  5 ball pythons
  5 endoplasms
  3 giant cockroaches
  10 goblins
  5 hobgoblins
  2 jackals (D:2)
  6 kobolds
  A quokka (D:1)
  A bat (D:2)
  3 frilled lizards
  9 rats
66 creatures vanquished.

Notes
Turn   | Place    | Note
-------+----------+-------------------------------------------
     0 | D:1      | bob3 the Draconian Berserker began the quest for the Orb.
     0 | D:1      | Reached XP level 1. HP: 19/19 MP: 1/1
     0 | D:1      | Noticed a tengu
     2 | D:1      | Noticed an elf
     6 | D:1      | Noticed a minotaur
     7 | D:1      | Noticed a felid
     8 | D:1      | Noticed a tengu
     9 | D:1      | Noticed an ogre
    11 | D:1      | Noticed a vine stalker
    11 | D:1      | Noticed a merfolk
    13 | D:1      | Noticed an octopode
    13 | D:1      | Noticed a troll
    15 | D:1      | Noticed a demigod
    15 | D:1      | Noticed a ghoul
    17 | D:1      | Noticed a gargoyle
    17 | D:1      | Noticed a felid
    19 | D:1      | Noticed a human
    19 | D:1      | Noticed a human
   170 | D:1      | Reached XP level 2. HP: 18/26 MP: 2/2
   893 | D:2      | Reached ** piety under Trog
   900 | D:2      | Reached XP level 3. HP: 31/33 MP: 3/3
   907 | D:2      | Found an opulent altar of Gozag.
   992 | D:2      | Found a faded altar of an unknown god.
  1371 | D:3      | Noticed an ogre
  1384 | D:3      | Killed an ogre
  1385 | D:3      | Reached XP level 4. HP: 10/41 MP: 4/4
  1606 | D:3      | Reached XP level 5. HP: 47/47 MP: 5/5
  1991 | D:3      | Noticed Grinder
  1997 | D:3      | Paralysed by Grinder for 3 turns
  2029 | D:3      | Paralysed by Grinder for 5 turns
  2046 | D:3      | Killed Grinder
  2047 | D:3      | Reached skill level 5 in Fighting
  2047 | D:3      | Reached XP level 6. HP: 9/56 MP: 6/6
  2284 | D:3      | Reached skill level 5 in Unarmed Combat
  2285 | D:3      | Reached *** piety under Trog
  2327 | D:3      | Noticed Robin
  2337 | D:3      | Killed Robin
  2360 | D:3      | Slain by a bullfrog

Illustrated notes

Levels and vault maps discovered:
D:1:      shiori_arrival_whats_in_store_for_you, layout_basic
D:2:      layout_rooms, ebering_ecumenical_altar_rust, basic_altar
D:3:      layout_loops_cross, nicolae_hepliaklqana_hippocampus,
          uniq_crazy_yiuf_cottage, uniq_robin, uniq_grinder

Skill      XL: |  1  2  3  4  5  6 |
---------------+-------------------+-----
Dodging        | 3 4 |  4.5
Fighting       | 4 5 |  5.5
Unarmed Combat | 4 5 |  5.0

Action                     |  1- 3 |  4- 6 || total
---------------------------+-------+-------++-------
  Melee: Unarmed           |   115 |   114 ||   229
         Tailslap          |     9 |    12 ||    21
         Punch             |     4 |     6 ||    10
   Stab: Sleeping          |       |     1 ||     1
 Armour: Skin              |    27 |    48 ||    75
  Dodge: Dodged            |    91 |    83 ||   174
